Map: Metropolis LE

Players

Throwfordays - Winner!

  • Race: Terran Terran
  • League: Silver
  • Spawn Location: 3:00

CmdrBeaumont - Winner!

  • Race: Protoss Protoss
  • Spawn Location: 12:00

A.I. 2 (Very Hard)

  • Race: Terran Terran
  • Spawn Location: 9:00

A.I. 3 (Very Hard)

  • Race: Terran Terran
  • Spawn Location: 6:00

VOD

Have the link to the VOD?

Description

Time

  • Played on: Sept. 13, 2020, 2:47 p.m.
  • Length: 11:50
Show
View Real Time Build Order
Export as new Build Order

Throwfordays Terran - Winner!

Build Orders:  

Get SALT Encoding   

  12  0:01  SCV  
  13  0:13  SCV  
  14  0:24  Supply Depot  
  14  0:25  SCV  
  15  0:45  SCV  
  16  0:57  SCV  
  17  1:08  Refinery, Barracks  
  17  1:09  SCV  
  18  1:21  SCV, Barracks  
  18  1:24  Supply Depot  
  19  1:34  SCV  
  20  1:46  SCV, Supply Depot  
  21  1:58  SCV  
  21  1:59  Marine  
  23  2:08  Marine  
  24  2:20  Marine  
  24  2:26  Marine  
  25  2:38  Marine  
  25  2:43  Marine  
  27  2:56  Marine  
  28  3:01  Marine  
  29  3:07  Bunker  
  29  3:13  Marine  
  29  3:19  Marine  
  31  3:31  Marine  
  32  3:37  Marine  
  30  3:49  Marine  
  30  3:53  Command Center  
  30  3:55  Marine  
  32  4:07  Marine  
  33  4:12  Marine  
  34  4:25  Marine  
  35  4:31  Supply Depot  
  35  4:35  SCV  
  35  4:38  Refinery  
  36  4:47  SCV, Barracks Tech Lab  
  36  4:48  Barracks Reactor  
  37  4:55  Supply Depot  
  37  4:58  Command Center  
  37  5:01  SCV  
  38  5:07  SCV  
  38  5:13  SCV  
  40  5:16  Factory  
  40  5:17  Supply Depot  
  40  5:20  SCV  
  41  5:21  Combat Shield  
  41  5:25  Marine, SCV  
  41  5:26  Marine x2  
  45  5:32  SCV  
  46  5:40  SCV  
  47  5:43  Marine x2  
  47  5:44  Marine, SCV  
  51  5:52  SCV  
  51  5:53  Engineering Bay  
  51  5:56  SCV  
  53  6:03  Factory Tech Lab  
  53  6:06  Orbital Command  
  53  6:08  SCV  
  54  6:13  Engineering Bay  
  54  6:20  SCV  
  52  6:27  SCV  
  52  6:30  Terran Infantry Weapons Level 1  
  53  6:35  Reaper x3  
  57  6:40  SCV  
  57  6:44  Barracks  
  57  6:48  SCV  
  57  6:52  SCV  
  59  6:59  Refinery  
  59  7:00  SCV  
  60  7:02  Starport  
  60  7:04  SCV  
  60  7:06  Terran Infantry Armor Level 1  
  60  7:07  Reaper x3  
  64  7:13  SCV  
  65  7:16  SCV  
  66  7:25  SCV  
  67  7:32  Supply Depot  
  67  7:37  SCV  
  67  8:07  Reaper x3  
  70  8:18  SCV  
  71  8:24  Hi-Sec Auto Tracking  
  71  8:30  SCV  
  72  8:42  SCV  
  73  8:54  SCV  
  73  9:06  SCV  
  74  9:14  Reaper x2  
  74  9:15  Reaper  
  76  10:16  Reaper x3  
  79  10:23  Refinery  
  79  10:24  SCV  
  80  10:29  Refinery  
  80  10:36  SCV  
  81  10:48  Reaper x3, SCV  
  85  11:00  SCV  
  86  11:13  SCV  
Show
View Real Time Build Order
Export as new Build Order

CmdrBeaumont Protoss - Winner!

Build Orders:  

Get SALT Encoding   

  12  0:02  Probe (Chrono Boost)  
  13  0:12  Probe (Chrono Boost)  
  14  0:17  Probe (Chrono Boost)  
  15  0:22  Pylon  
  15  0:40  Probe  
  16  0:46  Gateway  
  16  0:52  Probe  
  17  1:03  Forge  
  17  1:04  Probe  
  18  1:08  Assimilator  
  18  1:11  Assimilator  
  18  1:22  Pylon  
  18  1:32  Pylon  
  18  1:37  Zealot  
  20  1:47  Probe  
  22  2:01  Probe  
  22  2:04  Zealot  
  24  2:08  Photon Cannon  
  24  2:13  Probe  
  25  2:19  Photon Cannon  
  25  2:25  Probe  
  26  2:31  Zealot  
  26  2:32  Photon Cannon  
  26  2:36  Photon Cannon  
  28  2:50  Photon Cannon  
  28  2:53  Photon Cannon  
  28  3:03  Zealot  
  30  3:10  Protoss Shields Level 1  
  30  3:50  Nexus  
  30  3:54  Assimilator  
  30  3:57  Assimilator  
  30  4:04  Probe  
  31  4:15  Pylon  
  31  4:16  Probe  
  32  4:23  Pylon  
  32  4:28  Probe (Chrono Boost)  
  34  4:40  Probe (Chrono Boost)  
  34  4:44  Probe (Chrono Boost)  
  35  4:57  Probe (Chrono Boost)  
  37  5:07  Probe (Chrono Boost)  
  37  5:08  Cybernetics Core  
  37  5:12  Probe (Chrono Boost)  
  39  5:22  Probe (Chrono Boost)  
  39  5:23  Probe (Chrono Boost)  
  41  5:30  Probe (Chrono Boost)  
  41  5:31  Probe (Chrono Boost)  
  42  5:37  Probe (Chrono Boost)  
  42  5:38  Probe (Chrono Boost)  
  44  5:47  Probe (Chrono Boost)  
  44  5:48  Probe (Chrono Boost)  
  44  5:49  Stargate  
  46  5:52  Stargate  
  46  5:53  Probe (Chrono Boost)  
  46  5:55  Stargate, Probe (Chrono Boost)  
  48  6:00  Probe  
  49  6:04  Probe  
  50  6:12  Probe  
  51  6:24  Probe  
  52  6:25  Void Ray  
  52  6:30  Void Ray  
  52  6:34  Void Ray  
  52  6:36  Protoss Air Weapons Level 1, Probe  
  65  6:54  Void Ray  
  69  7:19  Pylon  
  69  7:24  Pylon  
  69  7:27  Pylon x2  
  69  7:29  Pylon  
  69  7:30  Pylon  
  69  7:31  Void Ray x2  
  69  7:36  Void Ray  
  81  7:58  Fleet Beacon  
  81  8:03  Robotics Facility  
  81  8:04  Stargate  
  81  8:08  Void Ray x2  
  81  8:14  Void Ray  
  81  8:18  Stargate x2  
  93  8:20  Stargate  
  93  8:29  Cybernetics Core  
  93  8:45  Flux Vanes  
  93  8:47  Protoss Air Armor Level 1  
  93  8:57  Carrier  
  99  9:03  Observer  
Show
View Real Time Build Order
Export as new Build Order

A.I. 2 (Very Hard) Terran 

Build Orders:  

Get SALT Encoding   

  12  0:01  SCV  
  13  0:13  SCV  
  14  0:18  Supply Depot  
  14  0:25  SCV  
  15  0:40  SCV  
  16  0:44  Barracks  
  16  0:52  SCV  
  17  1:04  SCV  
  18  1:16  SCV  
  19  1:19  Command Center  
  19  1:33  Marine  
  19  1:35  Orbital Command  
  20  1:41  Refinery  
  20  1:51  Marine  
  20  1:52  Supply Depot  
  21  2:00  SCV  
  22  2:05  Refinery  
  22  2:09  Marine  
  22  2:14  SCV  
  24  2:26  Marine, SCV  
  24  2:27  Barracks  
  26  2:33  Supply Depot  
  26  2:34  SCV  
  27  2:47  Orbital Command  
  27  2:51  Marine  
  27  2:53  SCV  
  29  3:05  Factory  
  29  3:07  SCV  
  29  3:09  Marine  
  31  3:13  Marine  
  31  3:14  SCV  
  31  3:19  SCV  
  34  3:26  SCV  
  35  3:27  Marine  
  35  3:31  Marine, SCV  
  38  3:37  Barracks  
  38  3:38  SCV  
  38  3:43  SCV  
  38  3:45  Marine  
  40  3:49  Factory Tech Lab  
  40  3:50  SCV, Barracks Tech Lab  
  40  3:53  Supply Depot  
  41  3:55  SCV  
  41  4:02  SCV  
  43  4:03  Barracks Tech Lab  
  43  4:07  SCV  
  43  4:08  Marine, Siege Tank  
  48  4:10  Stimpack  
  48  4:14  SCV  
  49  4:20  SCV  
  49  4:21  Marine, Combat Shield  
  49  4:22  Supply Depot  
  49  4:24  Marine  
  52  4:25  Marine  
  52  4:26  SCV  
  52  4:29  Supply Depot  
  54  4:32  SCV  
  55  4:39  Marine  
  55  4:40  Siege Tank  
  55  4:41  Marine  
  55  4:44  SCV x2, Marauder  
  64  4:56  SCV  
  64  4:57  Marauder  
  64  4:59  SCV  
  68  5:00  Barracks Reactor, Supply Depot  
  68  5:05  Marauder  
  68  5:06  Refinery  
  70  5:08  SCV  
  70  5:11  SCV  
  70  5:12  Siege Tank  
  70  5:13  Refinery  
  75  5:19  Marauder  
  77  5:21  SCV  
  77  5:23  SCV, Supply Depot  
  77  5:27  Marauder  
  81  5:38  SCV x2, Engineering Bay  
  81  5:40  Marauder  
  85  5:45  Siege Tank  
  85  5:46  Engineering Bay  
  85  5:47  Supply Depot  
  85  5:48  Marauder  
  90  5:50  SCV  
  90  5:56  SCV  
  92  6:01  Concussive Shells, Marauder  
  92  6:04  Terran Infantry Armor Level 1  
  94  6:06  Missile Turret  
  94  6:09  Barracks, Marauder  
  94  6:11  Starport  
  96  6:12  Supply Depot, Terran Infantry Weapons Level 1  
  96  6:14  Missile Turret  
  96  6:17  Marine  
  97  6:23  Marauder  
  99  6:31  Marauder  
  101  6:34  Missile Turret  
  101  6:38  Supply Depot, Siege Tank  
  104  6:44  Marauder  
  104  6:46  Command Center  
  106  6:47  Medivac  
  108  6:55  Missile Turret  
  108  7:02  Supply Depot  
  108  7:10  Siege Tank  
  108  7:13  Armory  
  108  7:14  Missile Turret  
  111  7:17  Medivac  
  113  7:26  Supply Depot  
  112  7:41  Armory  
  112  7:43  Widow Mine  
  114  7:47  Starport Reactor  
  112  8:01  Terran Vehicle Weapons Level 1  
  112  8:04  Widow Mine  
  113  8:20  Marine  
  113  8:21  Terran Infantry Weapons Level 2  
  113  8:22  Marine  
  113  8:23  Marine  
  113  8:25  SCV x2, Widow Mine  
  113  8:26  SCV  
  120  8:28  Terran Vehicle And Ship Armor Level 1  
  120  8:37  SCV  
  120  8:38  SCV x2, Medivac, Marauder  
  120  8:40  Marauder  
  129  8:46  Command Center  
  129  8:47  Widow Mine  
  129  8:48  Supply Depot  
  128  8:50  SCV x3  
  129  9:01  Refinery  
  129  9:02  SCV x2  
  129  9:03  SCV  
  129  9:06  Factory  
  128  9:10  Missile Turret  
  128  9:14  SCV x2, Starport  
  128  9:15  SCV  
  128  9:16  Missile Turret  
  130  9:19  Viking  
  132  9:26  SCV, Marauder  
  132  9:27  SCV x2  
  133  9:37  Viking  
  133  9:38  SCV  
  118  9:39  SCV  
  118  9:40  Marine, SCV  
  118  9:43  Marine  
  118  9:45  Marine  
  106  9:47  Marine  
  106  9:49  Marine, Starport Tech Lab  
  106  9:50  SCV  
  106  9:52  Orbital Command  
  95  9:58  Marine, SCV  
  95  9:59  SCV  
  75  10:03  Marine  
  75  10:05  Marine  
  65  10:08  Marine  
  65  10:11  Marine  
  49  10:16  Marine  
  47  10:22  Marine  
  47  10:24  Marine  
  7  11:36  SCV  
Show
View Real Time Build Order
Export as new Build Order

A.I. 3 (Very Hard) Terran 

Build Orders:  

Get SALT Encoding   

  12  0:01  SCV  
  13  0:13  SCV  
  14  0:18  Supply Depot  
  14  0:25  SCV  
  15  0:40  SCV  
  16  0:43  Barracks  
  16  0:52  SCV  
  17  1:04  SCV  
  17  1:10  Refinery  
  18  1:11  Supply Depot  
  18  1:16  SCV  
  19  1:28  SCV  
  19  1:32  Marine  
  21  1:43  Command Center  
  21  2:07  Barracks  
  21  2:09  SCV  
  21  2:11  Marine  
  21  2:13  Factory  
  23  2:21  SCV  
  24  2:28  Supply Depot  
  24  2:29  Marine  
  24  2:33  SCV  
  25  2:46  SCV  
  25  2:47  Marine  
  26  2:53  Marine  
  26  2:58  SCV, Factory Tech Lab  
  28  3:05  Marine  
  28  3:11  Marine  
  27  3:15  SCV  
  14  3:27  SCV  
  7  3:51  SCV  
Tags
 
Add a new tag
Caveats
  • Supply blocks, unpowered buildings, or Contaminate may cause inaccurate times.
  • Supply counts are checked every 10 seconds.